 Dungeon Crawl Stone Soup version 0.30-a0-125-g51eefa89be (webtiles) character file.

Game seed: 5254557189610001150

1192 Flugkiller the Chiller (level 9, -10/103 HPs)
             Began as a Meteoran Ice Elementalist on Sept 18, 2022.
             Was the Champion of Uskayaw.
             Mangled by Joseph
             ... wielding a +1 spectral quarterstaff
              (12 damage)
             ... on level 7 of the Dungeon.
             The game lasted 00:06:24 (1368 turns).

Flugkiller the Chiller (Meteoran Ice Elementalist)  Turns: 1368, Time: 00:06:24

Health: -10/103    AC:  7    Str:  9    XL:     9   Next: 2%
Magic:  4/20       EV: 17    Int: 21    God:    Uskayaw [******]
Gold:   304        SH:  0    Dex: 16    Spells: 13/21 levels left

rFire   . . .      SeeInvis .    i - +4 long sword
rCold   . . .      Faith    .    (no shield)
rNeg    . . .      Spirit   .    a - +0 robe
rPois   .          Reflect  .    (no helmet)
rElec   .          Harm     .    (no cloak)
rCorr   .          Rampage  .    (no gloves)
Will    +....                    g - +2 pair of boots
Stlth   ..........               (no amulet)
HPRegen 0.27/turn                v - +4 ring of evasion
MPRegen 0.17/turn                o - ring of wizardry

@: berserking (expiring), very slightly contaminated, glowing, very quick
A: sense surroundings 2, otherworldly, glowing, explore regen, iridescent scales
1, wild magic 1
a: Renounce Religion, Stomp, Line Pass, Grand Finale


You were on level 7 of the Dungeon.
You worshipped Uskayaw.
Uskayaw was noncommittal.
You visited 2 branches of the dungeon, and saw 8 of its levels.
You also visited: Sewer and Ossuary.

You collected 304 gold pieces.

Inventory:

Hand Weapons
 c - a +1 vampiric dagger
   (You found it on level 1 of the Dungeon)
 i - a +4 long sword (weapon)
   (You found it on level 2 of the Dungeon)
Armour
 a - a +0 robe (worn)
 g - a +2 pair of boots (worn)
   (You found it on level 3 of the Dungeon)
Magical Staves
 p - a staff of poison
   (You found it on level 4 of the Dungeon)
Jewellery
 o - a ring of wizardry (right hand)
   (You found it on level 4 of the Dungeon)
 t - a ring of flight
   (You found it on level 5 of the Dungeon)
 v - a +4 ring of evasion (left hand)
   (You found it on level 4 of the Dungeon)
Scrolls
 e - 2 scrolls of enchant weapon {unknown}
 f - 2 scrolls of teleportation {unknown}
 h - a scroll of immolation {unknown}
 k - a scroll of enchant armour {unknown}
 l - 2 scrolls of noise {unknown}
 m - a scroll of acquirement {unknown}
 w - a scroll of silence {unknown}
Potions
 b - a potion of magic
 d - a potion of haste {unknown}
 j - a potion of cancellation
 n - 2 potions of mutation
 r - a potion of curing {unknown}
 s - 2 potions of heal wounds {unknown}
 u - 2 potions of might {unknown}


   Skills:
 + Level 3.1 Fighting
 - Level 4.0 Dodging
 - Level 1.4 Stealth
 + Level 3.4 Unarmed Combat
 - Level 6.7 Spellcasting
 + Level 2.2 Conjurations
 - Level 7.1 Ice Magic
 + Level 3.6 Evocations


You had 13 spell levels left.
You knew the following spells:

 Your Spells              Type           Power      Damage    Failure   Level
a - Freeze                Ice            100%       1d11      1%          1
b - Frozen Ramparts       Ice            96%        1d15      1%          3
c - Hailstorm             Conj/Ice       34%        3d9       8%          4

Your spell library contained the following spells:

 Spells                   Type           Power      Damage    Failure   Level
 Ozocubu's Armour         Ice            48%        N/A       1%          3
 Gell's Gravitas          Tloc           9%         N/A       14%         3
 Lesser Beckoning         Tloc           9%         N/A       14%         3
 Teleport Other           Tloc           9%         N/A       14%         3


Dungeon Overview and Level Annotations

Branches:
Dungeon (7/15) Zot: 2949   Temple (1/1) D:4 Zot: 539   Sewer (visited)
Ossuary (visited)

Altars:
Ashenzari
Cheibriados
Dithmenos
Elyvilon
Gozag
Hepliaklqana
Makhleb
Nemelex Xobeh
Okawaru
Qazlal
Sif Muna
Trog
Uskayaw
Vehumet
Xom
Yredelemnul
Zin
The Shining One

Portals:
Bailey: D:7

Annotations:
D:7 Joseph


Innate Abilities, Weirdness & Mutations

You passively map the area around you.
You are easily found by Zot.
You glow in the dark.
You regain HP and MP as you explore.
You are partially covered in iridescent scales. (AC +2)
Your spells are a little harder to cast, but a little more powerful.


Message History

The wall freezes the centaur!
The wall freezes the hound.
The hound misses you.
The wall freezes the centaur but does no damage.
The centaur wields a +0 shortbow.
The centaur shoots an arrow.
The arrow misses you.
The wall freezes the hound.
You kill the hound!
You hear a shout!
Uskayaw will force your foes to share their pain.
The wall freezes the orc!
You kill the orc!
The wall freezes the centaur.
You hit the centaur.
The centaur is severely wounded.
The wall freezes the centaur.
The centaur unwields a +0 shortbow.
The centaur hits you. The centaur misses you.
The wall freezes something!
The wall freezes the centaur.
The centaur barely misses you. The centaur misses you.
Uskayaw links your audience in an emotional bond!
Casting: Freeze (safe; 1% risk of failure)
Confirm with . or Enter, or press ? or * to list all spells.
A cannonade of hail descends around you!
The hail pelts something!
Reactivating autopickup.
You feel a bit more experienced.
The hail pelts Joseph!!
You kill the centaur!
Joseph is moderately wounded.
The wall freezes Joseph but does no damage.
Joseph shoots a sling bullet.
The sling bullet hits you!
You can now merge with and destroy a victim.
Your Fighting skill increases to level 3!
Your Conjurations skill increases to level 2!
You have reached level 9!
Your experience leads to an increase in your attributes!
Increase (S)trength, (I)ntelligence, or (D)exterity?
You feel clever. x3
Your attunement to dungeon structure grows.
Unknown command.
You aren't carrying any items that you can evoke.
Unknown command.
Okay, then.
Casting: Hailstorm (dangerous; 8% risk of failure)
Confirm with . or Enter, or press ? or * to list all spells.
You miscast Hailstorm.
You are very lightly contaminated with residual magic.
You are encased in ice.
Joseph is no longer sharing his pain.
The wall freezes Joseph.
Joseph shoots a sling bullet.
The sling bullet completely misses you.
Casting: Hailstorm (dangerous; 8% risk of failure)
Confirm with . or Enter, or press ? or * to list all spells.
A cannonade of hail descends around you!
The hail pelts Joseph!!
Joseph is heavily wounded.
The wall freezes Joseph!
Joseph unwields a +0 sling.
Joseph wields a +1 spectral quarterstaff.
Joseph drinks a potion.
Joseph goes berserk!
You aren't carrying any items that you can evoke.
Unknown command.
A red film seems to cover your vision as you go berserk!
You feel yourself moving faster!
You feel mighty!
The wall freezes Joseph.
You feel a strong urge to attack something.
The wall freezes Joseph. x2; Joseph completely misses you.
You barely miss Joseph.
Joseph is severely wounded.
The frozen ramparts melt away.
Joseph barely misses you.
You hit Joseph.
Joseph is severely wounded.
Joseph hits you with a +1 spectral quarterstaff!
A gnoll bouda comes into view. It is wielding a +0 club.
Joseph hits you with a +1 spectral quarterstaff!
You closely miss Joseph.
Joseph is severely wounded.
The gnoll bouda gazes fiercely through you!
You feel your attacks grow feeble.
Joseph hits you with a +1 spectral quarterstaff.
* * * LOW HITPOINT WARNING * * *
You barely miss Joseph.
Joseph is severely wounded.
Joseph hits you with a +1 spectral quarterstaff!!
* * * LOW HITPOINT WARNING * * *
The gnoll bouda barks out a call to the hunt!
The gnoll picks up the pace!
Joseph misses you.
You slash Joseph!
Joseph is almost dead.
A gnoll comes into view. It is wielding a +0 club.
The gnoll misses you.
Joseph hits you with a +1 spectral quarterstaff.
* * * LOW HITPOINT WARNING * * *
Uskayaw prepares the audience for your solo!
The helpless Joseph fails to defend himself.
You slash Joseph!
Joseph is almost dead.
Joseph is no longer paralysed.
Joseph barely misses you.
The helpless gnoll fails to defend itself.
You slash the gnoll!
You kill the gnoll!
You hear the faint creaking of a portcullis very nearby.
Your attacks no longer feel as feeble.
The gnoll bouda is no longer paralysed.
The gnoll is no longer paralysed.
Joseph hits you with a +1 spectral quarterstaff!
You die...

#,#...... ,,..{.)..
*####.#.#...####o......,
** ,
,....#...........8o... 8
, *
##....#..g###........
,,...............g..8.,
#.#.#.##)...#..#### , ,
#...<.##)#### ## *
*.##.....g@####.# ,
.....#..>.)@....# ,
,#.....#.##)#####.# ,
+....)....)).# * *
#...........)# *
#............#
#............# ,
*####.......# #####.###
* #.#


You could see Joseph (berserk), a gnoll bouda and a gnoll.

Vanquished Creatures
  A water moccasin (Sewer)
  An orc warrior (D:7)
  A black bear (D:5)
  3 centaurs
  3 scorpions (D:5)
  A jelly (D:5)
  A hound (D:7)
  A gnoll bouda (D:6)
  An orc priest (D:7)
  Jessica (D:3)
  3 iguanas
  3 orc wizards
  9 gnolls
  4 adders
  A white imp (D:6)
  An ufetubus (D:6)
  A worm (D:2)
  A dart slug (D:5)
  9 orcs
  8 bats
  2 endoplasms
  5 giant cockroaches
  2 goblins (D:3)
  5 hobgoblins
  3 jackals (D:4)
  2 kobolds (D:4)
  2 quokkas
  2 ball pythons
  4 frilled lizards
  A jackal zombie (Ossuary)
  A rat (D:1)
83 creatures vanquished.

Vanquished Creatures (others)
  3 plants (D:5)
3 creatures vanquished.

Grand Total: 86 creatures vanquished

Notes
Turn   | Place    | Note
-------+----------+-------------------------------------------
     0 | D:1      | Flugkiller the Meteoran Ice Elementalist began the quest
                  | for the Orb.
     0 | D:1      | Reached XP level 1. HP: 14/14 MP: 5/5
    34 | D:2      | Reached XP level 2. HP: 20/20 MP: 0/7
   114 | D:3      | Reached XP level 3. HP: 15/26 MP: 5/9
   121 | D:3      | Learned a level 3 spell: Frozen Ramparts
   183 | D:2      | You fall into a shaft and drop 1 floor!
   186 | D:3      | Noticed Jessica
   189 | D:3      | Killed Jessica
   190 | D:3      | Reached skill level 5 in Ice Magic
   190 | D:3      | Reached XP level 4. HP: 29/33 MP: 9/11
   230 | D:3      | Reached XP level 5. HP: 20/38 MP: 4/12
   322 | D:4      | Found a sand-covered staircase.
   329 | Ossuary  | Entered an ossuary
   417 | D:4      | Found a white marble altar of Elyvilon.
   475 | D:4      | Reached skill level 5 in Spellcasting
   489 | D:4      | Found a staircase to the Ecumenical Temple.
   499 | Temple   | Entered the Ecumenical Temple
   553 | D:4      | Reached XP level 6. HP: 41/45 MP: 14/14
   618 | D:4      | Found a glowing drain.
   625 | D:4      | Reached skill level 6 in Ice Magic
   633 | Sewer    | Entered a sewer
   654 | Sewer    | Noticed a water moccasin
   660 | Sewer    | Killed a water moccasin
   735 | D:5      | Entered Level 5 of the Dungeon
   752 | D:5      | Reached XP level 7. HP: 35/50 MP: 12/17
   772 | D:5      | Found an iron altar of Okawaru.
   790 | D:5      | Found a shadowy altar of Dithmenos.
   847 | D:5      | Reached skill level 7 in Ice Magic
   899 | D:5      | Found a stormy altar of Qazlal.
   901 | D:5      | Found a radiant altar of Vehumet.
   903 | D:5      | Found a hide-covered altar of Uskayaw.
   917 | D:5      | Became a worshipper of Uskayaw the Reveller
   937 | D:5      | Reached * piety under Uskayaw
   939 | D:5      | Reached ** piety under Uskayaw
   940 | D:5      | Reached skill level 1 in Unarmed Combat
   940 | D:5      | Reached skill level 1 in Evocations
   942 | D:5      | Reached *** piety under Uskayaw
   944 | D:5      | Reached skill level 1 in Fighting
   944 | D:5      | Reached XP level 8. HP: 35/59 MP: 11/19
  1035 | D:6      | Gained mutation: You passively dampen the noise of your
                  | surroundings. [potion of mutation]
  1035 | D:6      | Gained mutation: Your magical capacity is low. (-10% MP)
                  | [potion of mutation]
  1057 | D:5      | Lost mutation: Your magical capacity is low. (-10% MP)
                  | [potion of mutation]
  1057 | D:5      | Lost mutation: You passively dampen the noise of your
                  | surroundings. [potion of mutation]
  1057 | D:5      | Gained mutation: Your spells are a little harder to cast,
                  | but a little more powerful. [potion of mutation]
  1057 | D:5      | Gained mutation: You are partially covered in iridescent
                  | scales. (AC +2) [potion of mutation]
  1153 | D:6      | Learned a level 4 spell: Hailstorm
  1315 | D:6      | Reached **** piety under Uskayaw
  1324 | D:7      | Reached ***** piety under Uskayaw
  1325 | D:7      | Reached skill level 1 in Conjurations
  1340 | D:7      | Found a flagged portal.
  1341 | D:7      | Noticed Joseph
  1358 | D:7      | Gained mutation: You passively map the area around you.
                  | [Meteoran growth]
  1358 | D:7      | Reached XP level 9. HP: 44/69 MP: 10/20
  1366 | D:7      | HP: 1/103 [Joseph/+1 spectral quarterstaff (6)]
  1367 | D:7      | Reached ****** piety under Uskayaw
  1368 | D:7      | Mangled by Joseph

Illustrated notes

Levels and vault maps discovered:
D:1:      grunt_arrival_lava_bath, layout_loops_ring,
          shapermc_ecumenical_altar_mp_vishouse, minmay_pentomino_q2
D:2:      minmay_wonky_spiral, layout_basic
D:3:      layout_basic, minmay_between, uniq_jessica
D:4:      layout_rooms, mainiacjoe_overflow_cross_hatched, temple_statues,
          chequers_ossuary_entry_cave, gup_sewer_entry_glass
D:5:      layout_rooms, okawaru_ov_weapons_minmay, grunt_temple_overflow_open,
          nicolae_dithmenos_the_darkroom, serial_bayou, serial_bayou_ford_a,
          serial_bayou_lagoon_b, serial_bayou_pond_b, kennysheep_generic_room_10
D:6:      layout_cave_pools, nicolae_ru_path_of_blood, serial_co_window_serial,
          co_window_of_opportunity_a, co_window_corner_a, co_window_corner_a,
          co_window_cross_1, co_window_corner_a, co_window_of_opportunity_b,
          co_window_of_opportunity_b, co_window_broadway_a, co_window_4corner_b,
          glass_columns_b, glass_columns_b, glass_columns_a, serial_shops, shop,
          dreamdust_princess_bridge
D:7:      layout_basic, gammafunk_temple_overflow_forgotten, enter_bailey_6,
          uniq_prince_ribbit1, uniq_joseph
Temple:   chequers_temple_sunken

Skill      XL: |  1  2  3  4  5  6  7  8 |
---------------+-------------------------+-----
Spellcasting   | 3 4 5 6 |  6.7
Ice Magic      | 5 6 7 |  7.1
Unarmed Combat | 1 3 |  3.4
Evocations     | 1 3 |  3.6
Fighting       | 1 3 |  3.1
Dodging        | 4 |  4.0
Conjurations   | 2 |  2.2
Stealth        | |  1.4

Action                   |  1- 3 |  4- 6 |  7- 9 || total
-------------------------+-------+-------+-------++-------
Melee: Unarmed           |     2 |       |       ||     2
       Long sword        |       |     9 |    19 ||    28
 Cast: Freeze            |    26 |    43 |    31 ||   100
       Frozen Ramparts   |       |     4 |     5 ||     9
       Hailstorm         |       |       |     9 ||     9
  Use: Potion            |       |       |     4 ||     4
 Stab: Paralysed         |       |       |     2 ||     2
Armor: Robe              |     9 |    46 |    16 ||    71
Dodge: Dodged            |    11 |    56 |    45 ||   112

Table legend: (Time is in decaauts)
 A = Elapsed time spent in this place.
 B = Non-inter-level travel time spent in this place.
 C = Inter-level travel time spent in this place.
 D = Time resting spent in this place.
 E = Time spent auto-exploring this place.
 F = Levels seen in this place.
 G = Mean time per level.
                   A        B        C        D        E       F      G
               +--------+--------+--------+--------+--------+-----+--------+
         Total |   1386 |   1261 |    125 |      0 |      0 |  10 |  138.6 |
       Dungeon |   1250 |   1146 |    104 |      0 |      0 |   7 |  178.6 |
        Temple |     60 |     39 |     21 |      0 |      0 |   1 |   60.0 |
         Sewer |     65 |     65 |      0 |      0 |      0 |   1 |   65.0 |
       Ossuary |     10 |     10 |      0 |      0 |      0 |   1 |   10.0 |
               +--------+--------+--------+--------+--------+-----+--------+

Top non-repeatable levels by time:
     D:5: 323 daAuts
     D:4: 291 daAuts
     D:6: 265 daAuts
     D:3: 205 daAuts
     D:2: 77 daAuts
   Sewer: 65 daAuts
  Temple: 60 daAuts
     D:7: 49 daAuts
     D:1: 37 daAuts
 Ossuary: 10 daAuts
